Map: Ancient Cistern LE

Players

trigger

  • Race: Protoss Protoss
  • League: Grandmaster
  • Spawn Location: 1:00

HeroMarine - Winner!

  • Race: Terran Terran
  • Spawn Location: 7:00

Event: HomeStory Cup XXIII

VOD

Have the link to the VOD?

Description

Time

  • Played on: June 30, 2023, 3:23 p.m.
  • Length: 18:02

All games in this series

Show
View Real Time Build Order
Export as new Build Order

trigger Protoss 

Build Orders:  

Get SALT Encoding   

  12  0:00  Probe  
  13  0:12  Probe  
  14  0:17  Pylon  
  14  0:24  Probe (Chrono Boost)  
  16  0:36  Probe (Chrono Boost)  
  16  0:37  Gateway  
  16  0:43  Probe (Chrono Boost)  
  16  0:45  Assimilator  
  17  0:51  Probe  
  18  1:03  Probe  
  19  1:15  Probe  
  20  1:23  Gateway  
  22  1:26  Cybernetics Core  
  22  1:29  Pylon  
  22  1:30  Probe  
  23  1:54  Nexus  
  21  1:59  Stalker (Chrono Boost)  
  21  2:03  Warp Gate  
  21  2:04  Probe  
  24  2:13  Assimilator  
  26  2:16  Adept (Chrono Boost)  
  26  2:22  Shield Battery  
  26  2:29  Stalker (Chrono Boost)  
  28  2:33  Probe  
  29  2:45  Probe  
  31  2:55  Stalker (Chrono Boost)  
  27  3:23  Stalker (Chrono Boost)  
  27  3:38  Probe  
  26  3:49  Probe  
  26  3:54  Probe  
  27  3:56  Stalker  
  27  4:02  Probe  
  30  4:08  Stalker  
  30  4:09  Probe (Chrono Boost)  
  33  4:14  Probe (Chrono Boost)  
  34  4:21  Probe (Chrono Boost)  
  34  4:24  Probe (Chrono Boost)  
  36  4:26  Probe (Chrono Boost)  
  36  4:29  Probe (Chrono Boost)  
  38  4:37  Robotics Facility  
  38  4:39  Probe  
  39  4:46  Probe  
  39  4:50  Pylon  
  39  4:52  Probe  
  41  4:58  Probe  
  42  5:04  Probe  
  43  5:10  Probe (Chrono Boost)  
  43  5:11  Stalker x2  
  48  5:19  Probe (Chrono Boost)  
  48  5:20  Pylon  
  49  5:22  Probe (Chrono Boost)  
  49  5:24  Observer  
  49  5:28  Robotics Bay  
  51  5:31  Probe x2 (Chrono Boost)  
  51  5:32  Pylon  
  52  5:39  Probe (Chrono Boost)  
  52  5:41  Probe (Chrono Boost)  
  52  5:42  Assimilator  
  54  5:51  Probe (Chrono Boost)  
  56  5:58  Probe (Chrono Boost)  
  56  5:59  Probe (Chrono Boost), Observer  
  56  6:02  Twilight Council  
  58  6:04  Probe  
  58  6:08  Nexus  
  59  6:12  Pylon  
  59  6:14  Probe  
  59  6:16  Probe  
  61  6:19  Pylon  
  61  6:20  Disruptor (Chrono Boost)  
  64  6:26  Probe  
  65  6:33  Probe  
  66  6:41  Probe, Blink (Chrono Boost)  
  66  6:45  Probe  
  66  6:50  Zealot x2  
  66  6:53  Probe  
  71  6:57  Probe  
  71  6:58  Observer  
  73  7:05  Probe  
  73  7:06  Gateway  
  73  7:08  Gateway  
  74  7:10  Probe  
  74  7:11  Stalker x2  
  77  7:17  Probe  
  77  7:22  Probe  
  79  7:23  Probe  
  80  7:30  Probe  
  80  7:36  Gateway  
  78  7:37  Stalker x2  
  78  7:39  Probe x2  
  78  7:42  Probe  
  83  7:44  Disruptor (Chrono Boost)  
  86  7:51  Probe  
  86  7:52  Probe, Pylon  
  86  7:54  Probe  
  89  8:02  Zealot x4  
  89  8:03  Probe  
  89  8:04  Probe  
  98  8:06  Probe  
  98  8:13  Pylon  
  98  8:14  Colossus  
  98  8:16  Probe  
  98  8:18  Pylon  
  98  8:19  Charge  
  105  8:23  Stalker x2  
  105  8:26  Pylon  
  109  8:36  Observer  
  109  8:41  Nexus  
  109  8:42  Pylon  
  109  8:45  Probe x3, Forge  
  112  8:56  Templar Archives  
  112  8:57  Probe x2  
  112  9:00  Probe, Gateway  
  115  9:03  Observer  
  115  9:04  Pylon  
  115  9:07  Gravitic Boosters (Chrono Boost)  
  115  9:09  Probe, Observer  
  116  9:12  Probe  
  116  9:14  Shield Battery  
  117  9:18  Probe, Assimilator  
  117  9:20  Photon Cannon  
  117  9:21  Probe  
  117  9:22  Assimilator  
  117  9:24  Probe (Chrono Boost), Photon Cannon  
  119  9:25  Protoss Ground Weapons Level 1 (Chrono Boost)  
  119  9:29  Photon Cannon  
  119  9:30  Probe (Chrono Boost), Zealot x2, Observer  
  125  9:34  Probe (Chrono Boost)  
  125  9:36  Probe (Chrono Boost)  
  127  9:43  Probe (Chrono Boost)  
  126  9:45  Probe (Chrono Boost)  
  126  9:48  Probe (Chrono Boost)  
  126  9:51  Probe  
  127  9:53  Observer  
  127  9:54  Zealot x5  
  127  9:55  Zealot  
  127  9:58  Probe  
  140  10:02  Probe  
  140  10:03  Gateway  
  140  10:04  Gateway, Observer (Chrono Boost)  
  140  10:06  Observer, Templar Archives  
  142  10:08  Probe x2, Gateway  
  144  10:20  Pylon  
  142  10:21  Nexus  
  142  10:24  Stalker  
  142  10:25  Stalker x3  
  150  10:32  Zealot x2  
  154  10:38  Observer  
  154  10:41  Nexus  
  155  10:43  Photon Cannon  
  149  10:52  Stalker x3  
  149  10:53  Stalker x3  
  159  10:58  Probe x4  
  159  11:03  Pylon  
  163  11:05  Pylon  
  163  11:10  Probe x4  
  164  11:11  Protoss Ground Armor Level 1 (Chrono Boost)  
  164  11:15  Forge  
  164  11:18  Pylon  
  164  11:22  Probe x3  
  164  11:23  Probe  
  168  11:27  Zealot x5  
  168  11:29  Nexus  
  178  11:34  Probe  
  178  11:36  Pylon  
  172  11:44  Observer x2  
  151  11:47  Stalker x2  
  151  11:48  Stalker x6  
  159  11:57  Gateway  
  159  11:58  Protoss Ground Weapons Level 2 (Chrono Boost)  
  159  11:59  Gateway  
  159  12:00  Gateway  
  155  12:06  Observer  
  156  12:11  Gateway  
  156  12:14  Zealot x6  
  168  12:17  Gateway, Photon Cannon  
  165  12:25  High Templar x2, Zealot  
  165  12:27  Probe x3  
  174  12:31  Probe x2  
  174  12:32  Photon Cannon  
  176  12:38  Warp Prism  
  176  12:39  Gateway  
  176  12:43  Gateway  
  178  12:45  Gateway  
  178  12:46  Stalker x3  
  176  12:55  Probe x4  
  175  13:02  Probe  
  175  13:03  Probe  
  173  13:05  Zealot x2  
  173  13:06  High Templar x3  
  173  13:07  Probe x2  
  173  13:09  High Templar  
  173  13:10  Archon x2  
  173  13:11  Probe  
  188  13:15  Zealot x4  
  188  13:16  Archon  
  196  13:22  Zealot, Assimilator  
  196  13:23  Warp Prism  
  200  13:28  Assimilator  
  167  13:43  Zealot x5  
  167  13:44  Zealot x3  
  181  13:52  Probe  
  181  13:54  Zealot, Stalker x3  
  181  13:55  Probe x2, Stalker  
  169  13:57  Probe, Assimilator  
  169  13:58  Assimilator  
  163  14:09  Stalker x11  
  173  14:16  Stalker x9  
  155  14:21  Stalker x5  
  155  14:23  Probe x3  
  155  14:24  Probe x3  
  153  14:29  Stalker x3  
  160  14:35  Probe  
  153  14:50  Stalker x7  
  161  14:57  Observer  
  161  14:59  Probe  
  153  15:01  Probe x3  
  153  15:02  Probe x2  
  153  15:03  Stalker x3  
  154  15:07  Photon Cannon  
  154  15:10  Zealot x6  
  160  15:19  Stalker x4  
  160  15:20  Probe x3  
  160  15:21  Probe x3  
  165  15:32  Probe x2  
  165  15:33  Probe  
  168  15:39  Probe x2  
  168  15:40  Probe  
  168  15:41  Stalker x4, Assimilator  
  168  15:42  Photon Cannon  
  176  15:44  Probe  
  176  15:48  Assimilator  
  176  15:53  Zealot x2  
  176  15:54  Zealot x2  
  176  15:57  Probe x2  
  183  15:59  Probe x2  
  183  16:02  Pylon  
  161  16:11  Probe x2  
  161  16:12  Probe x2  
  161  16:15  Assimilator  
  161  16:18  Probe x2  
  167  16:24  Nexus  
  167  16:25  Probe  
  165  16:26  Photon Cannon  
  161  16:45  Zealot, Stalker x8  
  161  16:46  Zealot x2  
  174  17:02  Nexus  
  174  17:05  Pylon  
  153  17:10  Stalker x5  
  153  17:11  Zealot x2  
  161  17:17  Pylon  
  130  17:39  Stalker x3  
  130  17:40  Stalker x4  
  140  17:48  Pylon  
Show
View Real Time Build Order
Export as new Build Order

HeroMarine Terran - Winner!

Build Orders:  

Get SALT Encoding   

  12  0:00  SCV  
  13  0:12  SCV  
  14  0:19  Supply Depot  
  14  0:40  Barracks  
  14  0:44  Refinery  
  14  0:54  Barracks  
  14  0:58  SCV  
  15  1:10  SCV  
  16  1:22  SCV  
  17  1:34  Orbital Command  
  17  1:49  Barracks Tech Lab  
  17  1:51  Supply Depot  
  17  2:00  SCV, Barracks Tech Lab  
  18  2:07  Concussive Shells  
  18  2:08  Marauder  
  20  2:12  SCV  
  21  2:19  Marauder  
  21  2:20  Supply Depot  
  23  2:28  SCV  
  23  2:29  Marauder  
  26  2:40  SCV  
  26  2:41  Marauder  
  29  2:49  Refinery  
  29  2:51  Marauder  
  31  2:55  SCV  
  32  3:02  Marauder  
  28  3:07  SCV  
  28  3:12  Marauder  
  29  3:21  SCV  
  29  3:23  Marauder  
  32  3:33  Marauder, SCV  
  31  3:45  Marauder, SCV  
  32  3:52  Factory  
  32  3:58  SCV  
  31  4:05  Supply Depot  
  33  4:10  SCV  
  33  4:16  Command Center  
  31  4:22  SCV  
  29  4:34  SCV  
  29  4:35  Factory Tech Lab  
  29  4:38  Starport  
  30  4:46  SCV  
  30  4:51  Command Center  
  31  4:54  Siege Tank  
  31  4:58  SCV  
  35  5:10  SCV  
  36  5:16  Starport Tech Lab  
  36  5:22  SCV  
  36  5:26  Siege Tank  
  36  5:27  Barracks  
  40  5:29  Orbital Command  
  40  5:34  SCV, Banshee  
  44  5:36  Cloaking Field  
  44  5:46  SCV  
  44  5:47  Orbital Command  
  45  5:59  SCV  
  45  6:00  Siege Tank  
  45  6:03  Bunker  
  50  6:05  Orbital Command, Refinery x2  
  50  6:11  SCV  
  50  6:13  SCV  
  50  6:15  Marine  
  50  6:17  Banshee  
  55  6:23  SCV  
  55  6:25  SCV  
  57  6:31  SCV  
  57  6:32  Siege Tank  
  61  6:33  Marine  
  61  6:34  Supply Depot  
  61  6:35  SCV  
  61  6:37  SCV  
  64  6:43  SCV  
  65  6:47  SCV  
  65  6:49  SCV  
  65  6:51  Supply Depot  
  65  6:52  Barracks Reactor  
  67  6:55  SCV  
  67  6:59  SCV  
  67  7:00  Banshee  
  72  7:01  SCV  
  72  7:05  Hyperflight Rotors  
  72  7:06  Siege Tank  
  72  7:07  SCV  
  72  7:08  Command Center  
  77  7:11  SCV  
  77  7:14  SCV  
  79  7:16  Supply Depot  
  79  7:19  Starport, SCV  
  79  7:21  Starport  
  80  7:27  SCV x2  
  82  7:41  Marine x2, Siege Tank  
  82  7:44  SCV x2  
  89  7:46  Engineering Bay  
  89  7:49  Banshee  
  92  7:53  Orbital Command  
  92  7:56  SCV x2  
  94  7:58  Marine  
  94  7:59  Marine  
  94  8:03  Refinery  
  94  8:04  Starport Tech Lab  
  94  8:05  Starport Tech Lab  
  96  8:06  Refinery  
  96  8:08  SCV x2  
  98  8:20  SCV x2  
  98  8:21  SCV  
  98  8:22  Supply Depot x2  
  98  8:23  Missile Turret, Supply Depot  
  98  8:24  Banshee  
  104  8:28  Banshee  
  104  8:32  Raven, SCV x2  
  104  8:33  SCV  
  112  8:44  SCV x2, Siege Tank  
  112  8:45  SCV  
  118  8:51  Missile Turret  
  118  8:54  Missile Turret, Supply Depot  
  118  8:56  SCV x2  
  120  9:03  Marine x2, Missile Turret  
  120  9:06  Banshee  
  120  9:07  SCV  
  120  9:08  SCV  
  120  9:09  SCV  
  124  9:10  Banshee  
  124  9:11  Banshee  
  124  9:16  Planetary Fortress  
  130  9:18  Siege Tank  
  133  9:27  Sensor Tower, Refinery  
  133  9:30  Missile Turret, Refinery  
  133  9:34  Armory  
  133  9:35  Armory  
  130  9:48  Banshee  
  130  9:50  Siege Tank  
  136  9:54  Command Center  
  136  9:55  Command Center  
  136  9:56  Missile Turret  
  136  9:59  Missile Turret  
  136  10:02  Banshee x2  
  136  10:05  Missile Turret  
  142  10:23  Terran Ship Weapons Level 1, Siege Tank, Terran Vehicle And Ship Armor Level 1  
  142  10:27  Starport  
  145  10:32  Banshee  
  145  10:34  Supply Depot  
  145  10:45  Banshee  
  148  10:52  Banshee  
  148  10:55  Siege Tank  
  151  10:58  Fusion Core, Starport  
  151  11:10  Starport Tech Lab  
  148  11:12  Planetary Fortress  
  148  11:13  Orbital Command  
  148  11:15  Banshee  
  148  11:17  Command Center  
  151  11:26  Supply Depot  
  151  11:27  Missile Turret, Siege Tank  
  151  11:30  Supply Depot  
  147  11:46  Starport Tech Lab  
  128  12:01  Battlecruiser x3  
  128  12:07  Command Center  
  140  12:09  Battlecruiser  
  146  12:20  Command Center  
  146  12:29  Battlecruiser  
  152  12:30  Weapon Refit  
  152  12:38  Command Center  
  152  13:01  Terran Vehicle And Ship Armor Level 2, Terran Ship Weapons Level 2  
  155  13:05  Battlecruiser  
  155  13:11  Command Center  
  155  13:22  Battlecruiser  
  153  13:35  Battlecruiser  
  159  13:41  Planetary Fortress  
  159  13:52  Battlecruiser  
  159  13:53  Orbital Command  
  141  14:04  SCV x3  
  141  14:05  SCV x3  
  141  14:07  Refinery  
  141  14:08  Siege Tank  
  149  14:11  Refinery  
  149  14:16  SCV x3  
  147  14:17  SCV x3  
  147  14:23  Battlecruiser  
  155  14:26  SCV x2  
  155  14:28  SCV  
  158  14:34  Battlecruiser  
  158  14:47  Battlecruiser  
  164  14:53  SCV  
  164  14:54  SCV  
  164  14:55  SCV x2  
  162  15:03  SCV  
  157  15:12  Battlecruiser  
  162  15:21  Missile Turret  
  157  15:32  Battlecruiser  
  163  15:41  Battlecruiser  
  172  15:57  Battlecruiser  
  167  16:11  Siege Tank  
  170  16:19  Raven  
  169  16:30  Battlecruiser  
  175  16:46  Battlecruiser  
Tags
 
Add a new tag
Caveats
  • Supply blocks, unpowered buildings, or Contaminate may cause inaccurate times.
  • Supply counts are checked every 10 seconds.